 Dungeon Crawl Stone Soup version 0.31-a0-187-gba352fbbf7 (webtiles) character file.

Game seed: 9899501179307427270

144 qw the Skirmisher (level 5, -6/29 HPs)
             Began as a Deep Elf Hunter on June 22, 2023.
             Mangled by an iguana (7 damage)
             ... on level 3 of the Dungeon.
             The game lasted 00:00:54 (2276 turns).

qw the Skirmisher (Deep Elf Hunter)                 Turns: 2276, Time: 00:00:54

Health: -6/29      AC:  8    Str: 10    XL:     5   Next: 5%
Magic:  7/7        EV: 11    Int: 14    God:
Gold:   139        SH:  0    Dex: 18    Spells: 4/4 levels left

rFire   . . .        Y - +1 shortbow
rCold   . . .        (shield currently unavailable)
rNeg    . . .        j - +0 ring mail
rPois   .            g - +2 helmet
rElec   .            (no cloak)
rCorr   .            (no gloves)
SInv    .            (no boots)
Will    .....        (no amulet)
Stlth   +            (no ring)
HPRegen 0.24/turn    (no ring)
MPRegen 0.10/turn

%: no passive effects
@: about to teleport
A: no striking features
a: no special abilities


You were on level 3 of the Dungeon.
You visited 1 branch of the dungeon, and saw 4 of its levels.

You collected 229 gold pieces.
You spent 90 gold pieces at shops.


   Skills:
 - Level 1.5 Fighting
 + Level 8.4 Ranged Weapons
 - Level 2.4 Dodging
 - Level 1.2 Stealth


You had 4 spell levels left.
You didn't know any spells.
Your spell library was empty.

Inventory:

Hand Weapons
 Y - a +1 shortbow (weapon)
Armour
 g - a +2 helmet (worn)
 j - a +0 ring mail (worn)
Scrolls
 b - a scroll of identify
 e - a scroll of teleportation
Potions
 c - a potion of attraction {unknown}
 f - a potion of might
 h - a potion of heal wounds
 k - 4 potions of curing

Dungeon Overview and Level Annotations

Branches:
Dungeon (4/15)
 Temple: D:4-7

Altars:
Cheibriados
Hepliaklqana
Qazlal
Vehumet

Shops:
D:2 *


Message History

The orc is severely wounded.
The orc hits you but does no damage.
You shoot an arrow. The arrow hits the orc!
You kill the orc!
You shoot an arrow. The arrow hits the dart slug.
The dart slug is moderately wounded.
You shoot an arrow. The arrow hits the dart slug!
You kill the dart slug!
A ball python comes into view.
You shoot an arrow. The arrow barely misses the orc.
The ball python hisses angrily.
The arrow hits the iguana.
The iguana is moderately wounded.
The orc hits you but does no damage.
You shoot an arrow. The arrow barely misses the iguana.
The orc barely misses you. The iguana completely misses you.
You shoot an arrow. The arrow closely misses the iguana.
The iguana bites you! The orc hits you but does no damage.
The orc closely misses you. The iguana barely misses you.
2270 ||| STAIRDANCE The orc hits you but does no damage.
The iguana barely misses you.
You climb upwards.
There is a stone staircase leading down here.
You shoot an arrow. The arrow hits the iguana.
The iguana is severely wounded.
The orc hits you but does no damage.
The iguana bites you but does no damage.
You shoot an arrow. The arrow closely misses the iguana.
The orc hits you but does no damage. The iguana closely misses you.
You shoot an arrow.
The arrow hits the iguana but does no damage.
The iguana is heavily wounded.
The orc barely misses you. The iguana bites you!
You shoot an arrow. The arrow barely misses the iguana.
The orc closely misses you. The iguana bites you!
2276 ||| READING 2 scrolls of teleportation.
As you read the scroll of teleportation, it crumbles to dust.
You feel strangely unstable. The orc hits you but does no damage.
The iguana bites you!
You die...

######### #.@l....####
#o###......####
#.##.....#....#
#.........#...####
##........#......##
##.......#...##...
########..........#####
#............|#...#####
#.>...........#.....<..


You could see an iguana and an orc.

Vanquished Creatures
  An orc wizard (D:3)
  3 adders
  2 dart slugs
  11 orcs
  4 endoplasms
  A giant cockroach (D:1)
  7 goblins
  4 hobgoblins
  10 jackals
  4 kobolds
  3 quokkas
  6 ball pythons
  6 bats
  4 frilled lizards
  5 rats
71 creatures vanquished.

Notes
Turn   | Place    | Note
-------+----------+-------------------------------------------
     0 | D:1      | qw the Deep Elf Hunter began the quest for the Orb.
     0 | D:1      | Reached XP level 1. HP: 12/12 MP: 3/3
     0 | D:1      | 0 ||| qw: Version: 0.3-a-9-g12657ce
     0 | D:1      | 0 ||| qw: Game counter: 2697
     0 | D:1      | 0 ||| qw: Always use a shield: true
     0 | D:1      | 0 ||| qw: God list: Okawaru
     0 | D:1      | 0 ||| qw: Allow faded altars: false
     0 | D:1      | 0 ||| qw: Do Orc after D:15 true
     0 | D:1      | 0 ||| qw: Do second Lair branch before Depths: true
     0 | D:1      | 0 ||| qw: Lair rune preference: random
     0 | D:1      | 0 ||| qw: Plans: Normal
     0 | D:1      | 0 ||| PLANNING D:1-11
   259 | D:1      | Reached skill level 6 in Ranged Weapons
   259 | D:1      | Reached XP level 2. HP: 16/16 MP: 4/4
   610 | D:1      | Reached XP level 3. HP: 20/20 MP: 5/5
   978 | D:1      | 978 ||| UPGRADING to +0 helmet.
   983 | D:1      | 983 ||| UPGRADING to +0 ring mail.
   993 | D:1      | 993 ||| DROPPING +0 leather armour.
   994 | D:1      | 994 ||| READING scroll labelled HYOHOA ALUIWNELL.
   995 | D:1      | 995 ||| READING 2 scrolls labelled LOETETHRIURO.
   999 | D:1      | 999 ||| READING scroll labelled VAURIE UNOREIFF.
  1000 | D:1      | 1000 ||| DROPPING scroll of butterflies.
  1143 | D:2      | Reached skill level 7 in Ranged Weapons
  1191 | D:2      | Found a faded altar of an unknown god.
  1552 | D:2      | Found Tykhlioh's General Store.
  1560 | D:2      | 1560 ||| SHOPLISTING +3 ring mail "Typtiw" {Regen+ Str+3
                  | Int-3 SInv} (362 gold, have 162).
  1560 | D:2      | 1560 ||| BUYING scroll of enchant weapon (90 gold).
  1560 | D:2      | Bought a scroll of enchant weapon for 90 gold pieces
  1560 | D:2      | 1560 ||| READING scroll of enchant weapon.
  1560 | D:2      | 1560 ||| ENCHANTING +0 shortbow.
  1759 | D:2      | 1759 ||| DRINKING 2 lumpy dark potions.
  1760 | D:2      | 1760 ||| DRINKING 3 sedimented cyan potions.
  1761 | D:2      | 1761 ||| READING 3 scrolls of identify.
  1761 | D:2      | 1761 ||| IDENTIFYING blue potion
  1762 | D:2      | 1762 ||| READING 2 scrolls of identify.
  1762 | D:2      | 1762 ||| IDENTIFYING murky emerald potion
  1763 | D:2      | 1763 ||| DROPPING potion of magic.
  1785 | D:3      | Identified the +6 dagger "Jirogocw" {vamp, rElec}
  1800 | D:3      | 1800 ||| READING scroll of enchant armour.
  1800 | D:3      | 1800 ||| ENCHANTING +0 helmet.
  1835 | D:3      | Reached XP level 4. HP: 25/25 MP: 6/6
  1851 | D:3      | 1851 ||| FLEEEEING.
  1878 | D:3      | Reached skill level 8 in Ranged Weapons
  2059 | D:3      | Found a hazy altar of Hepliaklqana.
  2080 | D:3      | Found a stormy altar of Qazlal.
  2141 | D:3      | 2141 ||| READING scroll of enchant armour.
  2141 | D:3      | 2141 ||| ENCHANTING +1 helmet.
  2157 | D:3      | Found a radiant altar of Vehumet.
  2168 | D:3      | Found a snail-covered altar of Cheibriados.
  2204 | D:3      | 2204 ||| READING scroll labelled UDYUM OPYWURR.
  2205 | D:3      | 2205 ||| READING scroll labelled XEOCOI LIJAN.
  2262 | D:4      | Reached XP level 5. HP: 29/29 MP: 7/7
  2270 | D:4      | 2270 ||| STAIRDANCE
  2275 | D:3      | HP: 1/29 [iguana (10)]
  2276 | D:3      | 2276 ||| READING 2 scrolls of teleportation.
  2276 | D:3      | Mangled by an iguana

Levels and vault maps discovered:
D:1:      lightli_arrival_quake, layout_loops_corners, minivault_5
D:2:      cheibrodos_old_hovel, layout_basic, basic_ecumenical_altar,
          serial_shops, nicolae_shop_just_a_little_nook
D:3:      layout_rooms, nicolae_overflow_quartered_altars,
          dreamdust_wishing_well
D:4:      layout_cave_pools, biasface_ghost_orc_armoury, minmay_misc_feat_cross,
          kennysheep_potato, uniq_ijyb

Skill      XL: |  1  2  3  4 |
---------------+-------------+-----
Ranged Weapons | 6 7 8 |  8.4
Fighting       | |  1.5
Dodging        | |  2.4
Stealth        | |  1.2

Action                     |  1- 3 |  4- 6 || total
---------------------------+-------+-------++-------
   Fire: Shortbow          |   125 |    82 ||   207
    Use: Scroll            |     7 |     4 ||    11
         Potion            |     2 |       ||     2
 Armour: Leather armour    |     8 |       ||     8
         Ring mail         |    12 |    38 ||    50
  Dodge: Dodged            |    33 |    61 ||    94

Table legend:
 A = Non-vault XP
 B = Vault XP
 C = Vault XP percentage of total XP
 D = Non-vault monster count
 E = Vault monster count
 F = Vault count percentage of total count
                 A         B        C        D         E       F
            +---------+---------+-------+---------+---------+-------
      Total |     193 |      13 |   6.3 |      70 |       1 |   1.4
            +---------+---------+-------+---------+---------+-------
        D:1 |      46 |       0 |   0.0 |      28 |       0 |   0.0
        D:2 |      35 |      13 |  27.1 |      13 |       1 |   7.1
        D:3 |      94 |       0 |   0.0 |      23 |       0 |   0.0
        D:4 |      18 |       0 |   0.0 |       6 |       0 |   0.0
            +---------+---------+-------+---------+---------+-------
